 Dungeon Crawl Stone Soup version 0.25-a0-503-ge281fa6 (webtiles) character file.

Game seed: 8587519506503813728, levelgen mode: deterministic

83 wolfsongas the Skirmisher (level 4, -1/41 HPs)
             Began as a Gnoll Wanderer on Feb 14, 2020.
             Slain by an adder (3 damage)
             ... on level 2 of the Dungeon.
             The game lasted 00:03:53 (1946 turns).

wolfsongas the Skirmisher (Gnoll Wanderer)          Turns: 1946, Time: 00:03:53

Health: -1/41      AC: 11    Str: 15 (17) XL:     4   Next: 44%
Magic:  6/6        EV:  5    Int: 11 (14) God:
Gold:   109        SH:  0    Dex: 10 (13) Spells: 5/5 levels left

rFire    x . .     SeeInvis .   e - +0 dagger
rCold    + . .     Gourm    .   (no shield)
rNeg     . . .     Faith    .   j - +0 plate armour
rPois    .         Spirit   .   (no helmet)
rElec    .         Reflect  .   (no cloak)
rCorr    .         Harm     .   (no gloves)
MR       .....                  f - +0 pair of boots
Stlth    ..........             (no amulet)
HPRegen  0.13/turn              h - ring of ice (curse)
MPRegen  0.10/turn              (no ring)

@: lethally poisoned (-1 -> -8), berserk cooldown
A: distributed training, fangs 1, strong nose
a: no special abilities


You were on level 2 of the Dungeon.
You were not hungry.

You visited 1 branch of the dungeon, and saw 2 of its levels.

You collected 109 gold pieces.

Inventory:

Hand Weapons
 e - a +0 dagger (weapon)
Missiles
 d - 18 poisoned darts (quivered)
Armour
 f - a +0 pair of boots (worn)
 j - a +0 plate armour (worn)
Jewellery
 h - a cursed ring of ice (left hand)
Scrolls
 c - a scroll of blinking
Potions
 a - a potion of magic
Comestibles
 g - 3 rations


   Skills:
 + Level 6.6 Fighting
 + Level 1.1 Short Blades
 + Level 1.1 Long Blades
 + Level 1.1 Axes
 + Level 1.1 Maces & Flails
 + Level 1.1 Polearms
 + Level 1.1 Staves
 + Level 1.1 Slings
 + Level 1.1 Bows
 + Level 1.1 Crossbows
 + Level 2.7 Throwing
 + Level 1.1 Armour
 + Level 4.6 Dodging
 + Level 4.2 Stealth
 + Level 1.1 Shields
 + Level 2.7 Unarmed Combat
 + Level 1.1 Spellcasting
 + Level 0.8 Conjurations
 + Level 0.8 Hexes
 + Level 0.8 Charms
 + Level 0.8 Summonings
 + Level 0.8 Necromancy
 + Level 0.8 Translocations
 + Level 0.8 Transmutations
 + Level 0.8 Fire Magic
 + Level 0.8 Ice Magic
 + Level 0.8 Air Magic
 + Level 0.8 Earth Magic
 + Level 0.8 Poison Magic
 + Level 1.2 Invocations
 + Level 2.7 Evocations


You had 5 spell levels left.
You didn't know any spells.
Your spell library was empty.

Dungeon Overview and Level Annotations

Branches:
Dungeon (2/15)

Altars:


Innate Abilities, Weirdness & Mutations

Your experience applies equally to all skills.
You have very sharp teeth.
Your uncanny sense of smell can sniff out nearby items.


Message History

The adder bites you but does no damage. The goblin hits you but does no damage.
You barely miss the adder. Your bite misses the adder.
* * * LOW HITPOINT WARNING * * *
You feel sick. The adder barely misses you. The goblin closely misses you.
You hit the adder.
The adder is moderately wounded.
The adder bites you but does no damage. The adder bites you.
* * * LOW HITPOINT WARNING * * *
You are more poisoned.
The adder poisons you! The goblin hits you but does no damage.
Your plate armour prevents you from hitting the adder.
You bite the adder, but do no damage.
The adder is moderately wounded.
* * * LOW HITPOINT WARNING * * *
You feel sick. The adder bites you but does no damage.
Your plate armour prevents you from hitting the adder.
The adder is moderately wounded.
* * * LOW HITPOINT WARNING * * *
You feel sick. The goblin hits you but does no damage. The adder bites you.
You die...

.# #...........##.......#.......#
.###...........##.......#.......#
..##...........##.......#..gg...#
..##..[........##.......#.......#
..##.........#.##.......#.......#
.รท######.....#..#....g.g.........
..# #.....##.#.#####..........
..######.....##.#S# #..........
............###)@g#####..........
............####).....#..........
......................#..........
.)........ .###..................
.#........ #......[#............
.#........ #.#.....#............
.#....###. #....>..#............
.#...... #.......#....######## .
.###..# #...#####....#


You could see an adder and a goblin.

Vanquished Creatures
  4 gnolls (D:2)
  An adder (D:2)
  A dart slug (D:1)
  A leopard gecko (D:1)
  2 giant cockroaches
  5 goblins
  6 hobgoblins
  5 kobolds
  A quokka (D:2)
  A ball python (D:2)
  2 bats
  A frilled lizard (D:1)
  2 rats
32 creatures vanquished.

Notes
Turn   | Place    | Note
-------+----------+-------------------------------------------
     0 | D:1      | wolfsongas the Gnoll Wanderer began the quest for the Orb.
     0 | D:1      | wolfsongas set off with the following items: a +0 short
                  | sword, a potion of berserk rage, a scroll of blinking, 8
                  | poisoned darts, a +0 dagger, a +0 robe, a ration
     0 | D:1      | Reached XP level 1. HP: 23/23 MP: 2/2
   315 | D:1      | Reached XP level 2. HP: 29/29 MP: 3/3
  1461 | D:2      | Reached XP level 3. HP: 34/35 MP: 4/4
  1655 | D:2      | Reached skill level 1 in Invocations
  1913 | D:2      | Reached skill level 1 in Short Blades
  1913 | D:2      | Reached skill level 1 in Long Blades
  1913 | D:2      | Reached skill level 1 in Axes
  1913 | D:2      | Reached skill level 1 in Maces & Flails
  1913 | D:2      | Reached skill level 1 in Polearms
  1913 | D:2      | Reached skill level 1 in Staves
  1913 | D:2      | Reached skill level 1 in Slings
  1913 | D:2      | Reached skill level 1 in Bows
  1913 | D:2      | Reached skill level 1 in Crossbows
  1913 | D:2      | Reached skill level 1 in Armour
  1913 | D:2      | Reached skill level 1 in Shields
  1913 | D:2      | Reached skill level 1 in Spellcasting
  1917 | D:2      | Reached XP level 4. HP: 41/41 MP: 4/6
  1946 | D:2      | HP: 2/41 [poisoned by an adder]
  1946 | D:2      | Slain by an adder

Levels and vault maps discovered:
D:1:      mainiacjoe_arrival_reflecting_pool, layout_loops_corners
D:2:      layout_basic, uniq_jessica

Skill      XL: |  1  2  3 |
---------------+----------+-----
Invocations    | 1 |  1.2
Short Blades   | 1 |  1.1
Long Blades    | 1 |  1.1
Axes           | 1 |  1.1
Maces & Flails | 1 |  1.1
Polearms       | 1 |  1.1
Staves         | 1 |  1.1
Slings         | 1 |  1.1
Bows           | 1 |  1.1
Crossbows      | 1 |  1.1
Armour         | 1 |  1.1
Shields        | 1 |  1.1
Spellcasting   | 1 |  1.1
Fighting       | |  6.6
Throwing       | |  2.7
Dodging        | |  4.6
Stealth        | |  4.2
Unarmed Combat | |  2.7
Conjurations   | |  0.8
Hexes          | |  0.8
Charms         | |  0.8
Summonings     | |  0.8
Necromancy     | |  0.8
Translocations | |  0.8
Transmutations | |  0.8
Fire Magic     | |  0.8
Ice Magic      | |  0.8
Air Magic      | |  0.8
Earth Magic    | |  0.8
Poison Magic   | |  0.8
Evocations     | |  2.7

Action                   |  1- 3 |  4- 6 || total
-------------------------+-------+-------++-------
Melee: Dagger            |   151 |    21 ||   172
       Bite              |    16 |     3 ||    19
       Punch             |     3 |     1 ||     4
  Use: Scroll            |     3 |       ||     3
       Potion            |     2 |     2 ||     4
 Stab: Sleeping          |     2 |       ||     2
  Eat: Ration            |     1 |       ||     1
       Chunk             |     1 |       ||     1
Armor: Robe              |     3 |       ||     3
       Plate armour      |    76 |    32 ||   108
Dodge: Dodged            |    73 |    12 ||    85

Table legend:
 A = Non-vault XP
 B = Vault XP
 C = Vault XP percentage of total XP
 D = Non-vault monster count
 E = Vault monster count
 F = Vault count percentage of total count
                 A         B        C        D         E       F
            +---------+---------+-------+---------+---------+-------
      Total |     119 |       0 |   0.0 |      32 |       0 |   0.0
            +---------+---------+-------+---------+---------+-------
        D:1 |      33 |       0 |   0.0 |      17 |       0 |   0.0
        D:2 |      86 |       0 |   0.0 |      15 |       0 |   0.0
            +---------+---------+-------+---------+---------+-------
